 Dungeon Crawl Stone Soup version 0.27.1-34-g3ba077fa99 (webtiles) character file.

Game seed: 13492692836642919963

614 vvl the Insei (level 7, 0/52 HPs)
             Began as a Demonspawn Transmuter on Jan 11, 2022.
             Slain by a hornet zombie (11 damage)
             ... on level 5 of the Dungeon.
             The game lasted 00:07:33 (4803 turns).

vvl the Insei (Demonspawn Transmuter)               Turns: 4803, Time: 00:07:35

Health: 0/52       AC:  4    Str: 12    XL:     7   Next: 20%
Magic:  10/11      EV: 14    Int: 14    God:
Gold:   176        SH:  9    Dex: 26    Spells: 11/12 levels left

rFire    . . .     SeeInvis .   a - +0 war axe
rCold    . . .     Faith    .   (no shield)
rNeg     . . .     Spirit   .   d - +0 leather armour
rPois    .         Reflect  +   (helmet currently unavailable)
rElec    .         Harm     .   h - +0 cloak
rCorr    .         Rampage  .   (no gloves)
Will     .....                  (boots currently unavailable)
Stlth    ++........             f - amulet of reflection
HPRegen  0.17/turn              g - +6 ring of dexterity
MPRegen  0.12/turn              n - +6 ring of dexterity

@: appendages
A: horns 2, talons 1, large bone plates 1, foul stench 2
a: End Transformation


You were on level 5 of the Dungeon.
You had temporarily grown beastly horns.
You visited 2 branches of the dungeon, and saw 6 of its levels.

You collected 176 gold pieces.

Inventory:

Hand Weapons
 a - a +0 war axe (weapon)
Missiles
 c - 22 bolts
Armour
 d - a +0 leather armour (worn)
 h - a +0 cloak (worn)
Jewellery
 f - an amulet of reflection (around neck)
 g - a +6 ring of dexterity (left hand)
 n - a +6 ring of dexterity (right hand)
Wands
 i - a wand of charming (10)
 r - a wand of polymorph (8)
Scrolls
 j - a scroll of teleportation {unknown}
 l - 2 scrolls of enchant armour {unknown}
 p - a scroll of amnesia {unknown}
 q - a scroll of noise {unknown}
 t - 2 scrolls of identify {unknown}
Potions
 b - 2 potions of berserk rage {unknown}
 e - 3 potions of curing
 k - 2 potions of ambrosia {unknown}
 m - 2 potions of flight {unknown}
 o - a potion of might {unknown}
 s - a potion of heal wounds {unknown}


   Skills:
 + Level 3.0 Fighting
 + Level 2.2 Armour
 + Level 3.1 Dodging
 * Level 4.6 Unarmed Combat
 + Level 3.3 Spellcasting
 + Level 3.2 Transmutations


You had 11 spell levels left.
You knew the following spells:

 Your Spells              Type           Power      Damage    Failure   Level
a - Beastly Appendage     Tmut           22%        N/A       7%          1

Your spell library contained the following spells:

 Spells                   Type           Power      Damage    Failure   Level
 Wereblood                Tmut           11%        N/A       11%         2
 Spider Form              Tmut/Pois      3%         N/A       38%         3
 Ice Form                 Ice/Tmut       6%         N/A       80%         4


Dungeon Overview and Level Annotations

Branches:
Dungeon (5/15)             Temple (1/1) D:5

Altars:
Ashenzari
Cheibriados
Dithmenos
Elyvilon
Gozag
Hepliaklqana
Kikubaaqudgha
Makhleb
Nemelex Xobeh
Okawaru
Qazlal
Ru
Sif Muna
Trog
Vehumet
Wu Jian
Xom
Zin
The Shining One

Shops:
D:3 [


Innate Abilities, Weirdness & Mutations

You have temporarily grown beastly horns.
You have sharp toenails.
You are partially covered in large bone plates. (SH +4)
You sometimes emit foul miasma when damaged in melee.


Message History

The hornet zombie completely misses you.
The hornet zombie hits you!
You are too injured to fight recklessly!
You are too injured to fight recklessly!
You are too injured to fight recklessly!
You are too injured to fight recklessly!
You are too injured to fight recklessly!
You are too injured to fight recklessly!
You barely miss the hornet zombie. You claw the hornet zombie.
The hornet zombie is heavily damaged.
The hornet zombie barely misses you. The hornet zombie hits you.
* * * LOW HITPOINT WARNING * * *
You closely miss the hornet zombie.
The hornet zombie is heavily damaged.
Your horns disappear.
The hornet zombie hits you!
* * * LOW HITPOINT WARNING * * *
You closely miss the hornet zombie.
You claw the hornet zombie, but do no damage.
The hornet zombie is heavily damaged.
The hornet zombie hits you.
* * * LOW HITPOINT WARNING * * *
The hornet zombie hits you.
* * * LOW HITPOINT WARNING * * *
It was a potion of curing.
You feel better. You block the hornet zombie's attack.
The hornet zombie barely misses you.
Casting: Beastly Appendage (safe; 7% risk of failure)
Confirm with . or Enter, or press ? or * to list all spells.
You grow a pair of large bovine horns.
The hornet zombie barely misses you.
You slash the hornet zombie!
You claw the hornet zombie, but do no damage.
The hornet zombie is severely damaged.
You block the hornet zombie's attack. The hornet zombie barely misses you.
You hit the hornet zombie.
You claw the hornet zombie, but do no damage.
The hornet zombie is severely damaged.
The hornet zombie hits you.
* * * LOW HITPOINT WARNING * * *
The hornet zombie hits you!
You die...

#.......# ##.......##
###..####
#.........####...#####
+.........+...........
#.........####...#####
#.......# ##..#
#.....# ##.# #Z†.#
#.### #@# #...# #.#
###.# #.# #.# ##.##
#.# ##...## #.#
####.....# #.#
..........# #.#
.######.#.##########.#
###............#


You could see a hornet zombie.

Vanquished Creatures
  Menkaure (D:4)
  A black bear (D:5)
  A phantom (D:4)
  A hound (D:4)
  A jelly (D:4)
  An orc priest (D:3)
  Ijyb (D:3)
  An iguana (D:4)
  An orc wizard (D:4)
  Robin (D:4)
  5 adders
  An ufetubus (D:3)
  2 dart slugs (D:2)
  10 orcs
  6 endoplasms
  4 giant cockroaches
  12 goblins
  7 hobgoblins
  10 jackals
  3 kobolds
  2 quokkas (D:1)
  4 ball pythons
  A bat (D:1)
  11 rats
88 creatures vanquished.

Notes
Turn   | Place    | Note
-------+----------+-------------------------------------------
     0 | D:1      | vvl the Demonspawn Transmuter began the quest for the Orb.
     0 | D:1      | Reached XP level 1. HP: 15/15 MP: 3/3
   362 | D:1      | Found a faded altar of an unknown god.
   378 | D:1      | Gained mutation: You may rarely emit foul miasma when
                  | damaged in melee. [demonic ancestry]
   378 | D:1      | Reached XP level 2. HP: 16/21 MP: 3/5
   622 | D:1      | Reached skill level 3 in Unarmed Combat
  1397 | D:2      | Reached XP level 3. HP: 13/26 MP: 4/6
  2233 | D:3      | Gained mutation: You sometimes emit foul miasma when
                  | damaged in melee. [demonic ancestry]
  2233 | D:3      | Reached XP level 4. HP: 30/33 MP: 7/7
  2341 | D:3      | HP: 1/33 [orc priest/divine providence (16)]
  2784 | D:3      | Reached skill level 1 in Armour
  2798 | D:3      | Noticed Ijyb
  2807 | D:3      | Killed Ijyb
  2808 | D:3      | Reached XP level 5. HP: 28/38 MP: 6/8
  2961 | D:3      | Found Ovaplusihua's Antique Armour Shop.
  3137 | D:3      | Found a hazy altar of Hepliaklqana.
  3336 | D:4      | Found a shadowy altar of Dithmenos.
  3349 | D:4      | Noticed Menkaure
  3357 | D:4      | Killed Menkaure
  3358 | D:4      | Reached skill level 4 in Unarmed Combat
  3358 | D:4      | Gained mutation: You are partially covered in large bone
                  | plates. (SH +4) [demonic ancestry]
  3358 | D:4      | Reached XP level 6. HP: 46/46 MP: 8/10
  3401 | D:4      | Noticed Robin
  3422 | D:4      | Killed Robin
  3927 | D:4      | Mutation became permanent: You have sharp toenails.
                  | [demonic ancestry]
  3927 | D:4      | Gained mutation: You have razor-sharp toenails. [demonic
                  | ancestry]
  3927 | D:4      | Reached XP level 7. HP: 22/51 MP: 9/11
  4151 | D:4      | You fall into a shaft and drop 1 floor!
  4151 | D:5      | Entered Level 5 of the Dungeon
  4260 | D:5      | Found a staircase to the Ecumenical Temple.
  4266 | Temple   | Entered the Ecumenical Temple
  4719 | D:5      | Found a shimmering altar of Xom.
  4719 | D:5      | Noticed an angel
  4799 | D:5      | HP: 1/52 [hornet zombie (2)]
  4803 | D:5      | Slain by a hornet zombie

Illustrated notes

Levels and vault maps discovered:
D:1:      ncdulo_watergridlock, layout_loops_cross,
          chequers_ecumenical_altar_island, minmay_misc_feat_hallway
D:2:      layout_loops_ring
D:3:      layout_rooms, lemuel_doored_altar, serial_shops, shop, uniq_ijyb
D:4:      layout_loops_ring, lemuel_round_altar, uniq_robin, uniq_menkaure
D:5:      layout_loops_corners, grunt_temple_overflow_order_and_chaos_1,
          minmay_temple_entry_hall, kennysheep_another_room
Temple:   regret_index_temple_generic_petals

Skill      XL: |  1  2  3  4  5  6  7 |
---------------+----------------------+-----
Transmutations | 2 3 |  3.2
Dodging        | 2 3 |  3.1
Unarmed Combat | 3 4 |  4.6
Fighting       | 2 3 |  3.0
Armour         | 1 2 |  2.2
Spellcasting   | 3 |  3.3

Action                   |  1- 3 |  4- 6 |  7- 9 || total
-------------------------+-------+-------+-------++-------
Melee: Unarmed           |    95 |    22 |       ||   117
       Kick              |    27 |    36 |    10 ||    73
       Headbutt          |    16 |    18 |     4 ||    38
       War axe           |       |    91 |    15 ||   106
       Punch             |       |     1 |       ||     1
 Cast: Beastly Appendage |    27 |    23 |     3 ||    53
  Use: Potion            |       |       |     1 ||     1
 Stab: Sleeping          |       |     1 |       ||     1
Armor: Robe              |     9 |       |       ||     9
       Leather armour    |    10 |    23 |     4 ||    37
Dodge: Dodged            |    46 |    67 |    12 ||   125
Block: Other             |     5 |    37 |    11 ||    53
